PBL
ARIZONA DIAMONDBACKS @ TORONTO BLUE JAYS
05/20/2071
 
TOP OF THE 1ST
Arizona Diamondbacks batting - Pitching for Toronto Blue Jays : RHP Tyrone Bryant
Pitching: RHP Tyrone Bryant
Batting: RHB Ángel Pérez 0-0: Ball
1-0: Ground out 1-3 (Groundball, 13, EV 66.9 MPH)
Batting: LHB Pat Phillips 0-0: Fly out, F7 (Flyball, 7LS, EV 78.1 MPH)
Batting: RHB Amelio Díaz 0-0: Ball
1-0: Called Strike
1-1: Called Strike
1-2: Ball
2-2: Ground out 6-3 (Groundball, 6, EV 105.6 MPH)
Top of the 1st over - 0 runs, 0 hits, 0 errors, 0 left on base; Arizona 0 - Toronto 0
BOTTOM OF THE 1ST
Toronto Blue Jays batting - Pitching for Arizona Diamondbacks : LHP Reggie Gijbels
Pitching: LHP Reggie Gijbels
Batting: LHB Mike González 0-0: Ball
1-0: Ball
2-0: Called Strike
2-1: Called Strike
2-2: Fly out, F3 (Line Drive, 3, EV 67.5 MPH)
Batting: RHB Jesús González 0-0: Called Strike
0-1: Foul Ball, location: 2F
0-2: Ground out 4-3 (Groundball, 4, EV 105.6 MPH)
Batting: LHB John Alcorn 0-0: Ball
1-0: Called Strike
1-1: Ball
2-1: Swinging Strike
2-2: Ball
3-2: Strikes out looking
Bottom of the 1st over - 0 runs, 0 hits, 0 errors, 0 left on base; Arizona 0 - Toronto 0
TOP OF THE 2ND
Arizona Diamondbacks batting - Pitching for Toronto Blue Jays : RHP Tyrone Bryant
Batting: SHB David Peters 0-0: Ball
1-0: Ball
2-0: Foul Ball, location: 2F
2-1: Called Strike
2-2: Strikes out swinging
Batting: RHB José Betancourt 0-0: Swinging Strike
0-1: Called Strike
0-2: Foul Ball, location: 5SF
0-2: Strikes out looking
Batting: LHB Bill Jacobs 0-0: Ground out U3 (Groundball, 3, EV 85.0 MPH)
Top of the 2nd over - 0 runs, 0 hits, 0 errors, 0 left on base; Arizona 0 - Toronto 0
BOTTOM OF THE 2ND
Toronto Blue Jays batting - Pitching for Arizona Diamondbacks : LHP Reggie Gijbels
Batting: RHB Sam Childress 0-0: Called Strike
0-1: Foul Ball, location: 3F
0-2: Foul Ball, location: 23F
0-2: Foul Ball, location: 3F
0-2: Ball
1-2: Ground out 4-3 (Groundball, 4, EV 83.1 MPH)
Batting: RHB Luis Román 0-0: Ball
1-0: Called Strike
1-1: Ball
2-1: Foul Ball, location: 3SF
2-2: Strikes out swinging
Batting: LHB Roberto Snyder 0-0: Fly out, F8 (Flyball, 8LS, EV 75.0 MPH)
Bottom of the 2nd over - 0 runs, 0 hits, 0 errors, 0 left on base; Arizona 0 - Toronto 0
TOP OF THE 3RD
Arizona Diamondbacks batting - Pitching for Toronto Blue Jays : RHP Tyrone Bryant
Batting: LHB Bill Stevens 0-0: Swinging Strike
0-1: Ball
1-1: Swinging Strike
1-2: Strikes out swinging
Batting: SHB Patrick Jennings 0-0: Foul Ball, location: 2F
0-1: Reached on error, E6 (Groundball, 56, EV 107.5 MPH)
Batting: LHB Jim Andrés 0-0: Swinging Strike
0-1: Ground out 4-3 (Groundball, 4M, EV 103.1 MPH)
Batting: RHB Ángel Pérez 0-0: Fly out, F2 (Popup, 3SF, EV 80.0 MPH)
Top of the 3rd over - 0 runs, 0 hits, 1 error, 1 left on base; Arizona 0 - Toronto 0
BOTTOM OF THE 3RD
Toronto Blue Jays batting - Pitching for Arizona Diamondbacks : LHP Reggie Gijbels
Batting: RHB José Ríos 0-0: Ball
1-0: SINGLE (Line Drive, 8RS, EV 91.3 MPH)
Batting: RHB Michael Burke 0-0: Ball
1-0: Ball
2-0: Sac Bunt to 15S - play at first, batter OUT! 1-3
José Ríos to second
Batting: RHB Sam Hernández 0-0: Ball
1-0: Swinging Strike
1-1: Swinging Strike
1-2: Ball
2-2: Foul Ball, location: 25F
2-2: Foul Ball, location: 23F
2-2: Ground out U3 (Groundball, 34S, EV 91.9 MPH)
José Ríos to third
Batting: LHB Mike González 0-0: Ball
1-0: Called Strike
1-1: Ball
2-1: Ground out 4-3 (Groundball, 4, EV 80.0 MPH)
Bottom of the 3rd over - 0 runs, 1 hit, 0 errors, 1 left on base; Arizona 0 - Toronto 0
TOP OF THE 4TH
Arizona Diamondbacks batting - Pitching for Toronto Blue Jays : RHP Tyrone Bryant
Batting: LHB Pat Phillips 0-0: Ball
1-0: Foul Ball, location: 3F
1-1: Ball
2-1: Swinging Strike
2-2: Fly out, F4 (Line Drive, 4M, EV 70.6 MPH)
Batting: RHB Amelio Díaz 0-0: Swinging Strike
0-1: Swinging Strike
0-2: Strikes out swinging
Batting: SHB David Peters 0-0: Ball
1-0: Ground out 4-3 (Groundball, 4, EV 101.9 MPH)
Top of the 4th over - 0 runs, 0 hits, 0 errors, 0 left on base; Arizona 0 - Toronto 0
BOTTOM OF THE 4TH
Toronto Blue Jays batting - Pitching for Arizona Diamondbacks : LHP Reggie Gijbels
Batting: RHB Jesús González 0-0: Fly out, F4 (Popup, 4, EV 56.9 MPH)
Batting: LHB John Alcorn 0-0: Called Strike
0-1: Foul Ball, location: 2F
0-2: Ball
1-2: SOLO HOME RUN (Flyball, 78XD, EV 100.0 MPH), Distance : 407 ft
Batting: RHB Sam Childress 0-0: DOUBLE (Flyball, 89D, EV 93.1 MPH)
Batting: RHB Luis Román 0-0: Ball
1-0: Foul Ball, location: 2F
1-1: Foul Ball, location: 23F
1-2: Ball
2-2: Ball
3-2: Fly out, F9 (Flyball, 89M, EV 76.9 MPH)
Batting: LHB Roberto Snyder 0-0: Fly out, F6 (Popup, 6D, EV 50.0 MPH)
Bottom of the 4th over - 1 run, 2 hits, 0 errors, 1 left on base; Arizona 0 - Toronto 1
TOP OF THE 5TH
Arizona Diamondbacks batting - Pitching for Toronto Blue Jays : RHP Tyrone Bryant
Batting: RHB José Betancourt 0-0: Fly out, F8 (Flyball, 8RS, EV 85.6 MPH)
Batting: LHB Bill Jacobs 0-0: Foul Ball, location: 25F
0-1: Ball
1-1: Swinging Strike
1-2: Strikes out looking
Batting: LHB Bill Stevens 0-0: Called Strike
0-1: Foul Ball, location: 3F
0-2: Ball
1-2: Foul Ball, location: 2F
1-2: Ball
2-2: Foul Ball, location: 7LSFF
2-2: Foul Ball, location: 2F
2-2: Ball
3-2: SINGLE (Line Drive, 8LS, EV 91.9 MPH)
Batting: SHB Patrick Jennings 0-0: Called Strike
0-1: Called Strike
0-2: Fly out, F8 (Line Drive, 8LM, EV 93.8 MPH)
Top of the 5th over - 0 runs, 1 hit, 0 errors, 1 left on base; Arizona 0 - Toronto 1
BOTTOM OF THE 5TH
Toronto Blue Jays batting - Pitching for Arizona Diamondbacks : LHP Reggie Gijbels
Batting: RHB José Ríos 0-0: Ball
1-0: Ball
2-0: Fly out, F9 (Flyball, 9, EV 90.6 MPH)
Batting: RHB Michael Burke 0-0: Ball
1-0: Ball
2-0: Ground out 5-3 (Groundball, 5L, EV 86.9 MPH)
Batting: RHB Sam Hernández 0-0: Called Strike
0-1: Ground out 5-3 (Groundball, 5, EV 86.3 MPH)
Bottom of the 5th over - 0 runs, 0 hits, 0 errors, 0 left on base; Arizona 0 - Toronto 1
TOP OF THE 6TH
Arizona Diamondbacks batting - Pitching for Toronto Blue Jays : RHP Tyrone Bryant
Batting: LHB Jim Andrés 0-0: Swinging Strike
0-1: Foul Ball, location: 25F
0-2: Strikes out looking
Batting: RHB Ángel Pérez 0-0: Ball
1-0: Ball
2-0: Foul Ball, location: 2F
2-1: Swinging Strike
2-2: Ball
3-2: Strikes out looking
Batting: LHB Pat Phillips 0-0: Called Strike
0-1: Swinging Strike
0-2: Strikes out swinging
Top of the 6th over - 0 runs, 0 hits, 0 errors, 0 left on base; Arizona 0 - Toronto 1
BOTTOM OF THE 6TH
Toronto Blue Jays batting - Pitching for Arizona Diamondbacks : LHP Reggie Gijbels
Batting: LHB Mike González 0-0: Ground out 6-3 (Groundball, 6, EV 103.8 MPH)
Batting: RHB Jesús González 0-0: Foul Ball, location: 2F
0-1: Ball
1-1: Ball
2-1: TRIPLE (Flyball, 89XD, EV 98.8 MPH)
Batting: LHB John Alcorn 0-0: Called Strike
0-1: DOUBLE (Line Drive, 7LM, EV 100.0 MPH)
Jesús González scores
Batting: RHB Sam Childress 0-0: Ball
1-0: Ball
2-0: Called Strike
2-1: Foul Ball, location: 5SF
2-2: Ball
3-2: SINGLE (Groundball, 4MD, EV 100.0 MPH)
John Alcorn to third
Batting: RHB Luis Román 0-0: Ball
1-0: Ball
2-0: Ball
3-0: Called Strike
3-1: Fly out, F9 (Flyball, 9, EV 88.8 MPH)
Runner from 3rd tags up, OUT at HOME! 9-2
Bottom of the 6th over - 1 run, 3 hits, 0 errors, 1 left on base; Arizona 0 - Toronto 2
TOP OF THE 7TH
Arizona Diamondbacks batting - Pitching for Toronto Blue Jays : RHP Tyrone Bryant
Batting: RHB Amelio Díaz 0-0: Foul Ball, location: 9LMF
0-1: Foul Ball, location: 9LMF
0-2: Strikes out swinging
Batting: SHB David Peters 0-0: Foul Ball, location: 7LSF
0-1: Foul Ball, location: 2F
0-2: Ball
1-2: Strikes out looking
Batting: RHB José Betancourt 0-0: Foul Ball, location: 3F
0-1: Foul Ball, location: 2F
0-2: Ground out 5-3 (Groundball, 56, EV 90.0 MPH)
Top of the 7th over - 0 runs, 0 hits, 0 errors, 0 left on base; Arizona 0 - Toronto 2
BOTTOM OF THE 7TH
Toronto Blue Jays batting - Pitching for Arizona Diamondbacks : LHP Reggie Gijbels
Batting: LHB Roberto Snyder 0-0: Ball
1-0: Called Strike
1-1: Ground out 4-3 (Groundball, 4M, EV 86.3 MPH)
Batting: RHB José Ríos 0-0: Foul Ball, location: 7LDF
0-1: Foul Ball, location: 7LSF
0-2: Ball
1-2: Foul Ball, location: 9LMF
1-2: Foul Ball, location: 7LDF
1-2: Fly out, F9 (Line Drive, 89M, EV 90.0 MPH)
Batting: RHB Michael Burke 0-0: Called Strike
0-1: Ball
1-1: Ball
2-1: Swinging Strike
2-2: Strikes out swinging
Bottom of the 7th over - 0 runs, 0 hits, 0 errors, 0 left on base; Arizona 0 - Toronto 2
TOP OF THE 8TH
Arizona Diamondbacks batting - Pitching for Toronto Blue Jays : RHP Tyrone Bryant
Now at SS: Luis Pagán
Batting: LHB Bill Jacobs 0-0: SINGLE (Line Drive, 34, EV 100.0 MPH)
Batting: LHB Bill Stevens 0-0: Called Strike
0-1: Foul Ball, location: 7LDF
0-2: Foul Ball, location: 3F
0-2: Strikes out swinging
Pitching: RHP Mike Maddo
Batting: SHB Patrick Jennings 0-0: Called Strike
0-1: Ball
1-1: Swinging Strike
1-2: Strikes out swinging
Batting: LHB Jim Andrés 0-0: Ball
1-0: Ground out 5-3 (Groundball, 15, EV 88.1 MPH)
Top of the 8th over - 0 runs, 1 hit, 0 errors, 1 left on base; Arizona 0 - Toronto 2
BOTTOM OF THE 8TH
Toronto Blue Jays batting - Pitching for Arizona Diamondbacks : LHP Reggie Gijbels
Pitching: RHP Bill Stephens
Batting: RHB Sam Hernández 0-0: Called Strike
0-1: Called Strike
0-2: Ball
1-2: SINGLE (Groundball, 15S, EV 75.0 MPH) (infield hit)
Pitching: RHP Jim Hall
Batting: LHB Mike González 0-0: Ball
1-0: Ball
2-0: Ball
3-0: Called Strike
3-1: SINGLE (Groundball, 6MD, EV 101.3 MPH)
Sam Hernández to second
Runner from 2nd tries for 3rd, SAFE, throw by CF made to third
Batting: RHB Jesús González 0-0: Called Strike
0-1: Ball
1-1: Ground out 4-3 (Groundball, 34, EV 88.8 MPH)
Sam Hernández scores
Mike González to second
Batting: LHB John Alcorn 0-0: Intentional Walk
Batting: RHB Sam Childress 0-0: Called Strike
0-1: Swinging Strike
0-2: Ball
1-2: Ball
Wild Pitch!
Mike González to third
John Alcorn to second
2-2: Ball
3-2: Intentional Walk
Batting: RHB Luis Román 0-0: Ball
1-0: Ball
2-0: Called Strike
2-1: SINGLE (Groundball, 56D, EV 103.8 MPH)
Mike González scores
John Alcorn to third
Sam Childress to second
Batting: LHB Roberto Snyder 0-0: Ball
1-0: Ball
2-0: Ball
3-0: Called Strike
3-1: Called Strike
3-2: Fly out, F7 (Line Drive, 7, EV 98.8 MPH)
Runner from 3rd tags up, SCORES, throw by LF
Sam Childress to third
Batting: RHB José Ríos 0-0: Fielders Choice at 2nd, 5-4 (Groundball, 56, EV 105.6 MPH)
Bottom of the 8th over - 3 runs, 3 hits, 0 errors, 2 left on base; Arizona 0 - Toronto 5
TOP OF THE 9TH
Arizona Diamondbacks batting - Pitching for Toronto Blue Jays : RHP Mike Maddo
Batting: RHB Ángel Pérez 0-0: Called Strike
0-1: Foul Ball, location: 5F
0-2: Ball
1-2: Strikes out swinging
Batting: LHB Pat Phillips 0-0: Ball
1-0: Ball
2-0: Ball
3-0: Called Strike
3-1: Base on Balls
Batting: RHB Amelio Díaz 0-0: Swinging Strike
0-1: Foul Ball, location: 2F
0-2: Foul Ball, location: 2F
0-2: Foul Ball, location: 5SF
0-2: Ball
1-2: Grounds into double play, 5-4-3 (Groundball, 56, EV 84.4 MPH)
Top of the 9th over - 0 runs, 0 hits, 0 errors, 0 left on base; Arizona 0 - Toronto 5
Wednesday, April 17th , 2024 - OOTP Baseball 24.10 Build 82